 Dungeon Crawl Stone Soup version 0.21-a0-274-gc1afaeb (webtiles) character file.

119 MirrMurr the Slasher (level 5, -1/35 HPs)
             Began as a Halfling Berserker on Sept 18, 2017.
             Was a Believer of Trog.
             Slain by a gnoll
             ... wielding a +2 spear of flaming
              (3 damage)
             ... on level 3 of the Dungeon.
             The game lasted 00:05:09 (1898 turns).

MirrMurr the Slasher (Halfling Berserker)           Turns: 1898, Time: 00:05:10

Health: -1/35      AC:  2    Str: 19    XL:     5   Next: 24%
Magic:  5/5        EV: 16    Int:  5    God:    Trog [**....]
Gold:   99         SH:  0    Dex: 14    Spells: 4/4 levels left

rFire    . . .     SeeInvis .   a - +0 falchion
rCold    . . .     Gourm    .   (shield restricted)
rNeg     . . .     Faith    .   t - +0 animal skin
rPois    .         Spirit   .   (no helmet)
rElec    .         Reflect  .   (no cloak)
rCorr    .         Harm     .   (no gloves)
MR       .....                  (no boots)
Stlth    +.........             (no amulet)
HPRegen  0.11/turn              (no ring)
MPRegen  0.09/turn              (no ring)

@: no status effects
A: mutation resistance 1
a: Berserk, Trog's Hand, Burn Spellbooks, Renounce Religion


You were on level 3 of the Dungeon.
You worshipped Trog.
Trog was pleased with you.
You were not hungry.

You visited 1 branch of the dungeon, and saw 3 of its levels.

You collected 99 gold pieces.

Inventory:

Hand Weapons
 a - a +0 falchion (weapon)
 b - a +0 hunting sling
Missiles
 d - a throwing net {!f}
 g - 84 stones
 m - 3 tomahawks (quivered)
 p - 32 poisoned needles
Armour
 t - a +0 animal skin (worn)
Jewellery
 q - an uncursed ring of wizardry {unknown}
Scrolls
 e - a scroll of fear {unknown}
 n - a scroll of recharging {unknown}
 r - 3 scrolls of remove curse
Potions
 j - 2 potions of lignification
 k - 3 potions of curing
 l - 2 potions of invisibility
 o - a potion of heal wounds {unknown}
 s - 2 potions of cancellation {unknown}
 u - a potion of mutation {unknown}
Comestibles
 c - 2 bread rations
 f - 4 fruits
 h - 10 chunks of flesh
 i - a royal jelly


   Skills:
 - Level 2.6 Fighting
 * Level 4.3 Long Blades
 + Level 3.4 Armour
 + Level 3.4 Dodging


You had 4 spell levels left.
You didn't know any spells.

Dungeon Overview and Level Annotations

Branches:
Dungeon (3/15)

Altars:


Innate Abilities, Weirdness & Mutations

You are small and have problems with some larger weapons.
You are somewhat resistant to further mutation.


Message History

You open the door.
A gnoll comes into view. It is wielding a spear of flaming.
The gnoll shouts!
You hear a shout! x3
The gnoll hits you from afar with a spear of flaming.
The gnoll burns you.
Found an escape hatch in the floor.
A giant cockroach comes into view.
a - a +0 falchion (weapon)
The gnoll barely misses you.
A gnoll comes into view. It is wielding a club.
There is a stone staircase leading up here.
The gnoll hits you with a spear of flaming!
The gnoll burns you.
* * * LOW HITPOINT WARNING * * *
You hit the gnoll.
The gnoll is moderately wounded.
The gnoll hits you with a spear of flaming.
* * * LOW HITPOINT WARNING * * *
The gnoll burns you.
You die...

.....###.#.########
... #.#.# . #.#.#
#.#.# #...# ###.#
#..#### #....<#
##..#@#####
#..#.ggs.#
########'# ...
..... ......#
.>....# s......
.......


You could see 2 gnolls and a giant cockroach.

Vanquished Creatures
  4 adders (D:2)
  2 oozes
  2 worms
  4 dart slugs
  An orc (D:3)
  4 bats (D:1)
  4 giant cockroaches (D:1)
  5 goblins
  10 hobgoblins
  6 jackals
  5 kobolds
  A quokka (D:2)
  3 frilled lizards
  4 rats
55 creatures vanquished.

Notes
Turn   | Place    | Note
-------+----------+-------------------------------------------
     0 | D:1      | MirrMurr the Halfling Berserker began the quest for the Orb.
     0 | D:1      | Reached XP level 1. HP: 15/15 MP: 1/1
   376 | D:1      | Reached XP level 2. HP: 15/20 MP: 2/2
   567 | D:1      | Reached XP level 3. HP: 19/25 MP: 3/3
   798 | D:2      | Reached XP level 4. HP: 24/30 MP: 4/4
   877 | D:2      | Reached ** piety under Trog
  1141 | D:2      | Reached skill level 4 in Long Blades
  1460 | D:2      | Reached XP level 5. HP: 26/35 MP: 5/5
  1898 | D:3      | Slain by a gnoll

Vault maps used:
D:1:      nagdon_arrival_zigzag_paths
D:3:      lemuel_upstairs_altar, gammafunk_temple_overflow_elements,
          serial_undead, serial_undead_e, serial_undead_c, serial_undead_a,
          serial_undead_f, nicolae_gozag_cash_rules_everything_around_me

Skill      XL: |  1  2  3  4 |
---------------+-------------+-----
Armour         | 3 |  3.4
Dodging        | 3 |  3.4
Long Blades    | 4 |  4.3
Fighting       | |  2.6

Action                   |  1- 3 |  4- 6 || total
-------------------------+-------+-------++-------
Melee: Falchion          |    88 |   100 ||   188
  Use: Scroll            |     1 |     3 ||     4
 Stab: Sleeping          |     2 |     4 ||     6
  Eat: Chunk             |       |     4 ||     4
Armor: Animal skin       |    13 |     6 ||    19
Dodge: Dodged            |    83 |    80 ||   163
       Rpst.: Falchion   |    27 |    29 ||    56

Table legend:
 A = Spawn XP
 B = Non-spawn XP
 C = Spawn XP percentage of total XP
 D = Spawn monster count
 E = Non-spawn monster count
 F = Spawn count percentage of total count
 G = Total turns spent on level
                    A         B        C        D         E        F      G
               +---------+---------+-------+---------+---------+-------+---------
         Total |       0 |     171 |   0.0 |       0 |      55 |   0.0 |  1898
               +---------+---------+-------+---------+---------+-------+---------
           D:1 |       0 |      53 |   0.0 |       0 |      26 |   0.0 |   779
           D:2 |       0 |      94 |   0.0 |       0 |      22 |   0.0 |   987
           D:3 |       0 |      24 |   0.0 |       0 |       7 |   0.0 |   132
               +---------+---------+-------+---------+---------+-------+---------
